Map: Curious Minds LE

Players

RazaPhysics

  • Race: Terran Terran
  • League: Gold
  • Spawn Location: 11:00

Nexus - Winner!

  • Race: Zerg Zerg
  • League: Silver
  • Spawn Location: 5:00

VOD

Have the link to the VOD?

Description

Time

  • Played on: June 14, 2022, 3:01 p.m.
  • Length: 17:32
Show
View Real Time Build Order
Export as new Build Order

RazaPhysics Terran 

Build Orders:  

Get SALT Encoding   

  12  0:02  SCV  
  13  0:14  SCV  
  13  0:20  Supply Depot  
  14  0:26  SCV  
  15  0:36  Supply Depot  
  15  0:43  SCV  
  15  0:45  Supply Depot  
  16  0:55  SCV  
  17  1:03  Barracks  
  17  1:15  SCV  
  18  1:19  Refinery  
  18  1:27  SCV  
  20  1:40  SCV  
  20  2:07  Marine  
  21  2:10  Barracks  
  21  2:12  SCV  
  22  2:24  SCV  
  23  2:34  Barracks Reactor  
  23  2:36  SCV  
  24  2:47  Refinery  
  24  2:48  SCV  
  25  2:55  Bunker  
  25  3:00  Barracks Tech Lab  
  25  3:09  Orbital Command  
  25  3:19  Factory  
  25  3:22  Marine x2  
  25  3:23  Marauder  
  29  3:29  Command Center  
  29  3:35  SCV  
  30  3:47  SCV  
  31  3:50  Engineering Bay  
  31  3:58  Marine  
  31  3:59  Marauder, Marine  
  35  4:10  Factory Tech Lab  
  35  4:12  Starport  
  35  4:17  Engineering Bay  
  35  4:20  Combat Shield  
  35  4:21  Marauder  
  37  4:41  Siege Tank  
  40  4:47  Marine x2  
  40  4:49  Marauder  
  44  4:54  SCV  
  44  4:55  Refinery  
  44  4:56  SCV  
  46  5:04  Terran Infantry Weapons Level 1  
  46  5:06  SCV  
  47  5:08  SCV  
  48  5:18  SCV  
  48  5:21  Refinery  
  49  5:23  SCV  
  50  5:30  SCV  
  51  5:35  SCV  
  51  5:36  Starport  
  51  5:38  Starport Tech Lab  
  52  5:43  Stimpack  
  52  5:51  Terran Infantry Armor Level 1  
  52  5:55  Missile Turret  
  52  5:59  Orbital Command  
  52  6:07  SCV  
  53  6:15  Starport Reactor, Missile Turret  
  53  6:19  SCV  
  54  6:28  Ghost Academy  
  54  6:31  SCV  
  55  6:38  Supply Depot  
  55  6:39  Siege Tank  
  58  6:43  Marine x2  
  58  6:44  Marauder  
  62  7:00  SCV  
  63  7:02  Supply Depot  
  63  7:12  SCV  
  54  7:30  Marine x3  
  39  7:48  Marine x2  
  39  7:49  Marauder  
  38  7:57  Siege Tank  
  41  8:06  Marine x2  
  41  8:09  Barracks  
  41  8:10  Barracks, Marauder  
  45  8:24  Marine  
  45  8:25  Missile Turret  
  46  8:27  Missile Turret  
  46  8:29  Siege Tank  
  46  8:32  Marauder  
  46  8:49  Bunker  
  46  8:53  Marauder  
  48  8:56  Bunker  
  41  9:14  Marauder, Marine x2  
  41  9:15  Marine x2  
  47  9:26  Siege Tank  
  50  9:32  Marine x3  
  50  9:35  Marine  
  50  9:37  Armory  
  50  9:38  Personal Cloaking  
  55  9:43  Barracks Tech Lab  
  54  9:50  Marine x3  
  57  10:23  Command Center  
  57  10:29  Ghost  
  59  10:38  Orbital Command  
  59  10:40  Marine x2  
  61  10:58  Ghost  
  63  11:04  Nuke  
  63  11:10  SCV  
  64  11:22  SCV  
  63  11:28  Medivac  
  63  11:29  Medivac x2  
  63  11:34  SCV  
  63  11:43  Orbital Command  
  63  11:46  SCV  
  64  11:47  Refinery  
  64  11:49  Refinery  
  64  11:50  Marine x2  
  64  11:51  Marine x3  
  64  11:53  Terran Infantry Weapons Level 2  
  64  11:54  Terran Infantry Armor Level 2  
  69  11:57  Siege Tank  
  72  12:15  Marine x4  
  73  12:16  Marine  
  73  12:21  Concussive Shells  
  77  12:29  Siege Tank  
  80  12:33  Marine x3  
  83  12:56  Missile Turret  
  83  13:02  SCV  
  84  13:14  SCV  
  84  13:16  Missile Turret  
  85  13:26  SCV  
  82  13:38  SCV  
  71  13:56  Supply Depot  
  71  14:00  Ghost  
  71  14:02  Marine x2  
  73  14:03  Marine x2  
  77  14:12  SCV  
  78  14:20  Marine x3  
  78  14:21  Marine  
  82  14:24  SCV  
  82  14:28  Ghost  
  85  14:36  SCV  
  85  14:37  Fusion Core  
  85  14:38  Marine x2  
  88  14:49  SCV  
  89  14:53  Terran Infantry Weapons Level 3  
  89  14:54  Missile Turret  
  89  15:01  SCV  
  90  15:14  Missile Turret  
  90  15:25  Starport  
  83  15:39  Marine x2  
Show
View Real Time Build Order
Export as new Build Order

Nexus Zerg - Winner!

Build Orders: Pool First 

Get SALT Encoding   

  12  0:01  Drone  
  13  0:09  Drone  
  14  0:16  Overlord  
  14  0:34  Drone x3  
  17  0:46  Spawning Pool  
  17  0:49  Drone  
  17  1:12  Hatchery  
  17  1:15  Drone  
  17  1:21  Extractor  
  16  1:26  Drone  
  16  1:30  Drone  
  18  1:33  Queen  
  18  1:39  Overlord  
  20  1:45  Zergling x2  
  21  2:08  Drone  
  22  2:18  Queen  
  22  2:22  Overlord x2  
  24  2:38  Drone x3  
  24  2:39  Drone  
  28  2:50  Drone x2  
  28  2:51  Zergling x4  
  32  2:54  Roach Warren  
  31  3:02  Drone x2  
  31  3:03  Drone  
  34  3:22  Lair  
  35  3:34  Drone x4  
  35  3:35  Drone x3  
  41  3:49  Drone x4  
  41  3:52  Drone x3  
  48  3:56  Extractor  
  48  3:57  Extractor  
  48  4:00  Extractor  
  45  4:20  Glial Reconstitution  
  45  4:27  Drone x3  
  45  4:28  Drone  
  45  4:29  Drone x2  
  45  4:30  Overlord x2  
  45  4:31  Overlord  
  51  4:47  Overlord  
  51  4:56  Queen  
  53  5:02  Roach x10  
  53  5:05  Hatchery  
  72  5:24  Roach x6  
  84  5:32  Overlord x4  
  84  5:54  Roach x8  
  100  6:08  Roach x3  
  106  6:30  Evolution Chamber  
  106  6:31  Evolution Chamber  
  104  6:33  Hydralisk Den  
  103  6:40  Drone x4  
  103  6:41  Drone x3  
  110  6:48  Ravager x5  
  115  6:54  Overseer  
  115  6:56  Overlord x7  
  78  7:45  Hydralisk x10  
  78  7:46  Hydralisk  
  100  7:57  Ravager x4  
  104  7:58  Hydralisk x3  
  81  8:43  Hydralisk x13  
  107  8:49  Extractor  
  107  8:50  Extractor  
  105  9:04  Zerg Missile Weapons Level 1  
  105  9:05  Grooved Spines  
  105  9:22  Hydralisk x4  
  115  9:24  Roach  
  115  9:50  Zerg Ground Armor Level 1, Hatchery  
  114  9:54  Roach x4  
  114  9:55  Roach x3  
  128  10:10  Hydralisk x5  
  128  10:11  Roach  
  128  10:13  Roach  
  142  10:17  Muscular Augments  
  142  10:31  Hydralisk x4  
  142  10:32  Roach x4  
  158  10:41  Ravager x2  
  160  10:43  Hydralisk  
  160  10:44  Drone  
  160  10:45  Drone x4  
  163  11:39  Hydralisk  
  155  11:40  Hydralisk x4  
  155  11:41  Hydralisk x8  
  155  11:42  Hydralisk  
  155  11:44  Overlord x3  
  183  11:49  Drone  
  184  11:59  Zerg Missile Weapons Level 2, Zerg Ground Armor Level 2  
  184  12:10  Spire  
  184  12:15  Infestation Pit  
  182  12:31  Roach x9  
  198  12:59  Hydralisk  
  160  13:45  Mutalisk, Roach  
  160  13:46  Mutalisk x10  
  160  13:47  Mutalisk x2  
  175  13:56  Mutalisk  
  175  14:01  Extractor  
  175  14:02  Extractor  
  175  14:18  Hive  
  175  14:20  Hatchery  
  174  14:30  Zerg Flyer Weapons Level 1  
  174  14:33  Hatchery  
  173  14:41  Mutalisk  
  173  14:42  Mutalisk x3  
  181  14:54  Drone x4  
  181  14:55  Drone x2  
  181  14:56  Drone x4  
  181  14:57  Drone  
  181  14:59  Mutalisk  
  192  15:00  Mutalisk x2  
  194  16:52  Mutalisk x3  
Tags
 
Add a new tag
Caveats
  • Supply blocks, unpowered buildings, or Contaminate may cause inaccurate times.
  • Supply counts are checked every 10 seconds.